 Dungeon Crawl Stone Soup version 0.23.2-40-g277498a001 (webtiles) character file.

Game seed: 6424003773849135853

155 Descartes the Insei (level 5, 0/26 HPs)
             Began as a Vine Stalker Transmuter on Oct 13, 2019.
             Succumbed to Ijyb's poison
             ... on level 3 of the Dungeon.
             The game lasted 00:05:24 (2045 turns).

Descartes the Insei (Vine Stalker Transmuter)       Turns: 2045, Time: 00:05:24

Health: 0/26       AC: 11    Str: 14    XL:     5   Next: 37%
Magic:  19/19      EV:  3    Int: 13    God:
Gold:   98         SH:  7    Dex: 14    Spells: 8/9 levels left

rFire    + . .     SeeInvis .     - Unarmed
rCold    . . .     Gourm    .   l - +0 shield
rNeg     . . .     Faith    .   g - +2 chain mail {rF+}
rPois    .         Spirit   +   (no helmet)
rElec    .         Reflect  .   (no cloak)
rCorr    .         Harm     .   (no gloves)
MR       .....                  p - +0 pair of boots
Stlth    ..........             (no amulet)
HPRegen  0.48/turn              m - ring of magical power
MPRegen  0.16/turn              (no ring)

@: lethally poisoned (0 -> -27), drained
A: fangs 2, regeneration 1, magic shield, antimagic bite, no potion heal 3, rot
immunity
a: no special abilities


You were on level 3 of the Dungeon.
You were not hungry.

You visited 1 branch of the dungeon, and saw 3 of its levels.

You collected 98 gold pieces.

Inventory:

Missiles
 a - 12 arrows
 f - 75 stones (quivered)
 h - 4 tomahawks
 k - 29 sling bullets
 s - 17 bolts
Armour
 b - a +0 robe
 g - a +2 chain mail of fire resistance (worn)
 l - a +0 shield (worn)
 p - a +0 pair of boots (worn)
Jewellery
 m - a ring of magical power (left hand)
Scrolls
 c - 2 scrolls of identify {unknown}
 j - a scroll of fear {unknown}
 n - a scroll of enchant weapon {unknown}
 o - a scroll of random uselessness {unknown}
Potions
 e - 3 potions of curing {unknown}
 i - 2 potions of heal wounds {unknown}
 q - 2 potions of degeneration {unknown}
Comestibles
 d - 6 rations
 r - a chunk of flesh


   Skills:
 + Level 1.6(0.8) Fighting
 + Level 1.0(0.2) Armour
 + Level 2.0(1.2) Dodging
 + Level 1.9(1.1) Stealth
 + Level 0.7(0.0) Shields
 * Level 4.0(3.1) Unarmed Combat
 + Level 2.7(1.9) Spellcasting
 + Level 2.5(1.7) Transmutations


You had 8 spell levels left.
You knew the following spells:

 Your Spells              Type           Power        Failure   Level  Hunger
a - Beastly Appendage     Tmut           #.....       100%        1    ##.....

Your spell library contained the following spells:

 Spells                   Type           Power        Failure   Level  Hunger
 Sticks to Snakes         Tmut           #.......     100%        2    ###....
 Spider Form              Tmut/Pois      #.........   100%        3    ####...
 Ice Form                 Ice/Tmut       #.......     100%        4    #####..
 Blade Hands              Tmut           #.........   100%        5    ######.


Dungeon Overview and Level Annotations

Branches:
Dungeon (3/15)

Altars:
Nemelex Xobeh
Sif Muna
Vehumet

Annotations:
D:3 Ijyb


Innate Abilities, Weirdness & Mutations

You have extremely sharp teeth.
Your natural rate of healing is unusually fast.
When hurt, damage is shared between your health and your magic reserves.
Your bite disrupts and absorbs the magic of your enemies.
Potions cannot restore your health.
You are immune to rotting.


Message History

You hit Ijyb but do no damage.
Ijyb is almost dead.
* * * LOW HITPOINT WARNING * * *
You feel sick.
Ijyb zaps a wand.
The puff of flame hits you but does no damage.
You closely miss Ijyb.
Ijyb is almost dead.
* * * LOW HITPOINT WARNING * * *
You feel sick. Ijyb hits you but does no damage.
You are more poisoned.
Your chain mail prevents you from hitting Ijyb.
Your bite misses Ijyb.
Ijyb is almost dead.
* * * LOW HITPOINT WARNING * * *
You feel very sick. Ijyb hits you but does no damage.
You are more poisoned.
You barely miss Ijyb. You bite Ijyb, but do no damage.
Ijyb is almost dead.
You die...

#.#.#.#.#.###.##
#.#.#.#.#...#..#
#.###.###.###..#
#.........)....#
#.###..............#
#.....###.###.###..#
#.###.#...#.#.#....# #.#
#.###.#.#.###..# #.#
#@.............# #.#
#g.............# #.######.#
#.#.#.###.###..#
#>.......###.#.#.#...#.#..#
########.##..###.###.#.#..#
#########.##...............#
#............#.##.#.###..#.#
#.........#.##..........[..#
#..########.##############.#


You could see Ijyb.

Vanquished Creatures
  A crimson imp (D:2)
  An orc priest (D:3)
  3 adders (D:2)
  3 dart slugs (D:1)
  2 leopard geckos (D:1)
  9 orcs (D:2)
  A giant cockroach (D:1)
  10 goblins
  2 hobgoblins
  3 bats
  3 frilled lizards
  3 kobolds (D:1)
  8 rats
49 creatures vanquished.

Notes
Turn   | Place    | Note
-------+----------+-------------------------------------------
     0 | D:1      | Descartes the Vine Stalker Transmuter began the quest for
                  | the Orb.
     0 | D:1      | Reached XP level 1. HP: 9/9 MP: 4/4
    50 | D:1      | Reached skill level 1 in Fighting
   204 | D:1      | Reached XP level 2. HP: 14/14 MP: 6/6
   543 | D:1      | Reached XP level 3. HP: 18/18 MP: 7/7
   923 | D:2      | Found a sparkling altar of Nemelex Xobeh.
   988 | D:2      | Reached skill level 1 in Stealth
  1008 | D:2      | Found a radiant altar of Vehumet.
  1258 | D:2      | Gained mutation: Your natural rate of healing is unusually
                  | fast. [Vine Stalker growth]
  1258 | D:2      | Reached XP level 4. HP: 22/22 MP: 8/8
  1632 | D:3      | Noticed Ijyb
  1759 | D:2      | Reached XP level 5. HP: 16/25 MP: 9/9
  1842 | D:2      | Reached skill level 1 in Armour
  1842 | D:2      | Reached skill level 4 in Unarmed Combat
  1946 | D:3      | Found a deep blue altar of Sif Muna.
  2045 | D:3      | Succumbed to Ijyb's poison

Skill      XL: |  1  2  3  4  5 |
---------------+----------------+-----
Fighting       | 1 |  1.6
Stealth        | 1 |  1.9
Dodging        | 2 |  2.0
Armour         | 1 |  1.0
Unarmed Combat | 4 |  4.0
Shields        | |  0.7
Spellcasting   | |  2.7
Transmutations | |  2.5

Action                   |  1- 3 |  4- 6 || total
-------------------------+-------+-------++-------
Melee: Unarmed           |   127 |   170 ||   297
       Bite              |    34 |    46 ||    80
 Stab: Sleeping          |     1 |       ||     1
  Eat: Chunk             |     1 |     3 ||     4
Armor: Robe              |    10 |       ||    10
       Chain mail        |    43 |   111 ||   154
Dodge: Dodged            |    43 |    10 ||    53
Block: Shield            |    10 |    49 ||    59
